 Dungeon Crawl Stone Soup version 0.26-b1-32-g5d43845318 (webtiles) character file.

Game seed: 11503571168401844651

11684 Arthanis the Arsonist (level 11, -1/57 HPs)
             Began as a Deep Elf Fire Elementalist on Jan 11, 2021.
             Was an Elder of Vehumet.
             Slain by Kirke (13 damage)
             ... while paralysed by a sphinx
             ... on level 11 of the Dungeon.
             The game lasted 00:22:08 (13315 turns).

Arthanis the Arsonist (Deep Elf Fire Elementalist) Turns: 13315, Time: 00:22:09

Health: -1/57      AC:  0    Str:  5    XL:     11   Next: 52%
Magic:  19/28      EV:  3    Int: 24    God:    Vehumet [****..]
Gold:   302        SH:  0    Dex: 15    Spells: 17/32 levels left

rFire    . . .     SeeInvis .   (weapon currently unavailable)
rCold    . . .     Faith    .   (shield currently unavailable)
rNeg     . . .     Spirit   .   (armour currently unavailable)
rPois    .         Reflect  +   (helmet currently unavailable)
rElec    .         Harm     .   (cloak currently unavailable)
rCorr    .         Rampage  .   (gloves currently unavailable)
Will     +....                  (boots currently unavailable)
Stlth    ++........             O - amulet of reflection
HPRegen  0.19/turn              (ring currently unavailable)
MPRegen  0.21/turn              (ring currently unavailable)

@: paralysed, about to teleport, pig-form, slowed, very quick
A: small
a: Renounce Religion


You were on level 11 of the Dungeon.
You worshipped Vehumet.
Vehumet was greatly pleased with you.
You were a filthy swine.
You visited 2 branches of the dungeon, and saw 13 of its levels.

You collected 582 gold pieces.
You spent 280 gold pieces at shops.

Inventory:

Hand Weapons
 p - a -1 short sword
 v - a +3 mace of draining
 B - a +0 trident
 H - a +2 spear of venom
Armour
 l - a +2 hat (melded)
 m - a +0 buckler (melded)
 x - a +2 robe of positive energy
 G - a +0 cloak (melded)
 U - a +1 robe of cold resistance (melded)
Magical Staves
 D - an uncursed staff of fire (melded)
Jewellery
 a - a ring of see invisible (melded)
 s - an uncursed ring of protection from fire
 y - an uncursed ring of flight
 I - a ring of magical power (melded)
 K - a +4 ring of slaying
 O - an amulet of reflection (around neck)
 T - an uncursed ring of ice
Wands
 d - a wand of flame (42)
 k - a wand of paralysis (14)
 A - a wand of polymorph (9)
 C - a wand of acid (6)
 J - a wand of disintegration (16)
 L - a wand of enslavement (10)
 S - a wand of digging (6)
Scrolls
 e - 2 scrolls of teleportation
 g - 3 scrolls of enchant armour
 i - 2 scrolls of enchant weapon
 j - 3 scrolls of random uselessness
 o - 3 scrolls of remove curse
 z - a scroll of immolation
 F - a scroll of amnesia
 N - a scroll of fear {unknown}
 R - 3 scrolls of vulnerability
Potions
 b - a potion of resistance {unknown}
 c - 7 potions of lignification
 f - 2 potions of curing
 h - 8 potions of ambrosia
 n - 3 potions of attraction {unknown}
 q - 3 potions of heal wounds
 r - 3 potions of brilliance {unknown}
 t - 5 potions of mutation {unknown}
 u - 5 potions of might
 w - a potion of haste
 E - a potion of cancellation {unknown}
 Q - a potion of flight {unknown}


   Skills:
 - Level 2.0 Fighting
 + Level 4.6 Dodging
 - Level 3.0 Stealth
 - Level 4.0 Shields
 + Level 11.2 Spellcasting
 + Level 9.2 Conjurations
 * Level 13.2 Fire Magic
 + Level 3.0 Evocations


You had 17 spell levels left.
You knew the following spells:

 Your Spells              Type           Power        Failure   Level
a - Foxfire               Conj/Fire      100%         1%          1
b - Conjure Flame         Conj/Fire      61%          1%          3
c - Sticky Flame          Conj/Fire      61%          1%          4
d - Fireball              Conj/Fire      30%          1%          5
e - Shock                 Conj/Air       100%         1%          1
f - Magic Dart            Conj           100%         1%          1

Your spell library contained the following spells:

 Spells                   Type           Power        Failure   Level
 Frozen Ramparts          Ice            26%          4%          3
 Inner Flame              Hex/Fire       45%          1%          3
 Animate Skeleton         Necr           26%          4%          1
 Apportation              Tloc           26%          4%          1
 Corona                   Hex            14%          4%          1
 Summon Small Mammal      Summ           52%          4%          1


Dungeon Overview and Level Annotations

Branches:
Dungeon (12/15)            Temple (1/1) D:4            Lair (0/6) D:11
    Orc (0/2) D:9

Altars:
Ashenzari
Cheibriados
Dithmenos
Elyvilon
Fedhas
Gozag
Hepliaklqana
Kikubaaqudgha
Makhleb
Nemelex Xobeh
Okawaru
Qazlal
Ru
Sif Muna
Trog
Uskayaw
Vehumet
Wu Jian
Xom
Yredelemnul
Zin
The Shining One

Shops:
D:4 =

Annotations:
D:11 Kirke
D:12 Nergalle


Message History

As you read the scroll of teleportation, it crumbles to dust.
You feel strangely unstable. You block the hog's attack.
The hog closely misses you.
The sphinx casts a spell.
You struggle to resist.
Kirke gestures at you while chanting.
You turn into a filthy swine.
Your uncursed staff of fire melds into your body.
Your +0 cloak melds into your body.
Your +2 hat melds into your body.
Your +0 buckler melds into your body.
Your +1 robe of cold resistance melds into your body.
Your ring of see invisible melds into your body.
Your ring of magical power melds into your body.
You feel less resistant to cold.
You feel your magic capacity decrease. The hog misses you.
The sphinx mumbles some strange words.
You suddenly lose the ability to move!
The hog bites you!
* * * LOW HITPOINT WARNING * * *
Kirke hits you!
You die...

...............................#
...............................#
............................####
##..........................#
.#.######....######.........#
.#.# #....#....'.........# .#.#
#....#....#......#### .#.#
#....#..h.#......# )'.#
#....#..h.#......# .#.#
#....#.@hH#......# .#.#
#....######<.....# .#.#
#................# ##.#
#....#######.....# ...#
#....#.....#..)..#
...######....#.....#.....#
..^..........#.....'.....#
.............#.....#.....#


You could see Kirke, a sphinx (summoned) and 2 hogs.

Vanquished Creatures
  Fannar (D:10)
  A rakshasa (D:11)
  A hydra (D:11)
  Erica (D:10)
  Urug (D:11)
  A cyclops (D:11)
  A manticore (D:11)
  2 ugly things (D:11)
  A centaur zombie (D:11)
  A gargoyle (D:10)
  2 trolls (D:11)
  A meliai zombie (D:10)
  A hornet (D:11)
  A wraith (D:10)
  4 yaks (D:11)
  A water moccasin (D:7)
  3 orc warriors
  5 sky beasts
  2 ice beasts
  A black bear (D:7)
  4 phantoms
  5 ogres
  2 wolves (D:11)
  3 centaurs
  Blork the orc (D:6)
  A big kobold (D:10)
  2 bullfrogs
  A gnoll sergeant (D:6)
  7 scorpions
  5 wights (D:9)
  A howler monkey (D:10)
  2 electric eels (D:11)
  2 quasits
  2 orc priests
  6 jellies
  12 hounds
  8 orc wizards
  A centaur skeleton (D:8)
  A gnoll shaman (D:4)
  A bullfrog skeleton (D:8)
  5 iguanas
  Ijyb (D:4)
  6 worker ants
  2 hound skeletons
  9 gnolls
  12 adders
  3 white imps
  3 ufetubi
  An ooze (D:4)
  An adder skeleton (D:7)
  3 worms (D:4)
  3 dart slugs
  8 leopard geckos
  31 orcs
  3 giant cockroaches
  6 goblins
  8 hobgoblins
  9 jackals
  2 quokkas
  3 ball pythons
  3 bats
  5 frilled lizards
  A jackal zombie (D:7)
  11 kobolds
  A leopard gecko skeleton (D:4)
  7 rats
246 creatures vanquished.

Vanquished Creatures (collateral kills)
  2 foxfires (D:3)
2 creatures vanquished.

Vanquished Creatures (others)
  A quasit (D:11)
  1281 foxfires
1282 creatures vanquished.

Grand Total: 1530 creatures vanquished

Notes
Turn   | Place    | Note
-------+----------+-------------------------------------------
     0 | D:1      | Arthanis the Deep Elf Fire Elementalist began the quest for
                  | the Orb.
     0 | D:1      | Reached XP level 1. HP: 10/10 MP: 6/6
   401 | D:1      | Reached XP level 2. HP: 15/15 MP: 5/8
  1077 | D:2      | Reached skill level 4 in Fire Magic
  1077 | D:2      | Reached XP level 3. HP: 19/19 MP: 6/10
  1081 | D:2      | Learned a level 3 spell: Conjure Flame
  2274 | D:3      | Reached XP level 4. HP: 24/24 MP: 8/11
  2279 | D:3      | Learned a level 4 spell: Sticky Flame
  2576 | D:3      | Found a white marble altar of Elyvilon.
  3396 | D:4      | Found a staircase to the Ecumenical Temple.
  3419 | Temple   | Entered the Ecumenical Temple
  3576 | Temple   | Became a worshipper of Vehumet
  3635 | D:4      | Reached skill level 5 in Fire Magic
  3777 | D:4      | Reached XP level 5. HP: 28/28 MP: 9/13
  4081 | D:4      | Reached XP level 6. HP: 19/32 MP: 9/15
  4087 | D:4      | Learned a level 5 spell: Fireball
  4253 | D:4      | Reached skill level 5 in Spellcasting
  4253 | D:4      | Reached skill level 6 in Fire Magic
  4462 | D:4      | Reached XP level 7. HP: 36/36 MP: 2/17
  5058 | D:4      | Noticed Ijyb
  5070 | D:4      | Killed Ijyb
  5255 | D:4      | Reached skill level 7 in Fire Magic
  5415 | D:4      | Reached * piety under Vehumet
  5415 | D:4      | Offered knowledge of Shock by Vehumet.
  5419 | D:4      | Learned a level 1 spell: Shock
  5700 | D:4      | Found Vuc Xuss's Jewellery Shoppe.
  5740 | D:5      | Entered Level 5 of the Dungeon
  5935 | D:5      | Found a radiant altar of Vehumet.
  6656 | D:6      | Reached skill level 5 in Conjurations
  6662 | D:6      | Reached skill level 8 in Fire Magic
  6662 | D:6      | Reached XP level 8. HP: 34/41 MP: 8/20
  6774 | D:6      | Noticed Blork the orc
  6781 | D:6      | Killed Blork the orc
  7214 | D:6      | Reached skill level 9 in Fire Magic
  8055 | D:4      | Bought an uncursed ring of magical power for 280 gold
                  | pieces
  8112 | D:7      | Reached XP level 9. HP: 45/45 MP: 23/23
  8245 | D:7      | Noticed a death knight
  8431 | D:7      | Reached skill level 1 in Evocations
  8431 | D:7      | Offered knowledge of Magic Dart by Vehumet.
  8432 | D:7      | Reached skill level 10 in Fire Magic
  8499 | D:7      | Reached ** piety under Vehumet
  8775 | D:7      | Reached skill level 1 in Fighting
  8977 | D:8      | Learned a level 1 spell: Magic Dart
  9964 | D:9      | Got a smelly leather armour
 10066 | D:9      | Found a staircase to the Orcish Mines.
 10529 | D:9      | Found a bloodstained altar of Trog.
 10563 | D:10     | Entered Level 10 of the Dungeon
 10566 | D:10     | Reached skill level 11 in Fire Magic
 10566 | D:10     | Reached XP level 10. HP: 53/53 MP: 24/25
 10566 | D:10     | Offered knowledge of Ignite Poison by Vehumet.
 10795 | D:10     | Reached *** piety under Vehumet
 10897 | D:10     | Noticed Fannar
 10918 | D:10     | Killed Fannar
 11041 | D:10     | Reached skill level 10 in Spellcasting
 11061 | D:10     | Identified the cursed +0 leather armour of Prudence
                  | {*Contam rElec Slay+5} (You found it on level 9 of the
                  | Dungeon)
 11142 | D:10     | Noticed a gargoyle
 11145 | D:10     | Killed a gargoyle
 11198 | D:10     | Noticed Erica
 11202 | D:10     | Killed Erica
 11203 | D:10     | Reached skill level 12 in Fire Magic
 11708 | D:11     | Noticed Urug
 11708 | D:11     | Noticed a six-headed hydra
 11721 | D:11     | Killed a six-headed hydra
 11926 | D:11     | Killed Urug
 11927 | D:11     | Reached skill level 1 in Shields
 11927 | D:11     | Reached XP level 11. HP: 50/57 MP: 12/28
 12081 | D:11     | Offered knowledge of Frozen Ramparts by Vehumet.
 12219 | D:11     | Found a staircase to the Lair.
 12350 | D:11     | Reached skill level 13 in Fire Magic
 12623 | D:11     | Noticed a cyan ugly thing
 12626 | D:11     | Killed a cyan ugly thing
 12626 | D:11     | Reached **** piety under Vehumet
 12732 | D:11     | Noticed a rakshasa
 12737 | D:11     | Killed a rakshasa
 12880 | D:11     | Noticed a brown ugly thing
 12884 | D:11     | Killed a brown ugly thing
 13307 | D:12     | Noticed Kirke
 13307 | D:12     | Noticed Nergalle
 13313 | D:11     | Noticed a sphinx
 13315 | D:11     | Paralysed by a sphinx for 4 turns
 13315 | D:11     | Slain by Kirke

Illustrated notes

Levels and vault maps discovered:
D:1:      lightli_arrival_quake, layout_basic
D:2:      layout_loops_cross, serial_rivers, chequers_serial_rivers_marsh,
          chequers_serial_rivers_small_b, chequers_serial_rivers_large_b,
          chequers_serial_rivers_marsh, chequers_serial_rivers_micro_b,
          chequers_serial_rivers_small_b
D:3:      corexii_shack_village, layout_basic, lemuel_doored_altar, st_stairs_4
D:4:      layout_loops_corners, minmay_temple_entry_arrows, serial_shops,
          kennysheep_mini, hangedman_abyss_or_decor_passed, nrook_loot_triangle,
          dk_noncrumbling_4, kennysheep_generic_room_11, uniq_ijyb
D:5:      layout_cave_pools, serial_rivers, chequers_serial_rivers_micro_d,
          chequers_serial_rivers_small_b, chequers_serial_rivers_small_3,
          chequers_serial_rivers_marsh, chequers_serial_rivers_small_3,
          ebering_dispersal_statue_hall, small_statue_intersection,
          vehumet_altar_wand_db
D:6:      layout_basic, kennysheep_small_square, uniq_blork_the_orc
D:7:      layout_basic
D:8:      layout_rooms
D:9:      layout_loops_ring, orc_0_dummy, serial_rivers,
          chequers_serial_rivers_marsh, chequers_serial_rivers_marsh,
          chequers_serial_rivers_micro_b, chequers_serial_rivers_micro_c,
          bloody_trog
D:10:     layout_rooms, uniq_fannar, uniq_erica
D:11:     layout_irregular_city, erik_lair_island, hive_lemuel, uniq_urug
D:12:     layout_roguey, gauntlet_entry_generic, uniq_kirke, uniq_nergalle
Temple:   kilobyte_greek_temple

Skill      XL: |  1  2  3  4  5  6  7  8  9 10 11 |
---------------+----------------------------------+-----
Fire Magic     | 4 5 6 8 9 11 12 13 | 13.2
Conjurations   | 2 3 4 5 6 7 9 |  9.2
Spellcasting   | 4 5 6 8 9 11 | 11.2
Evocations     | 2 3 |  3.0
Dodging        | 4 |  4.6
Stealth        | 3 |  3.0
Fighting       | 2 |  2.0
Shields        | 1 4 |  4.0

Action                   |  1- 3 |  4- 6 |  7- 9 | 10-12 || total
-------------------------+-------+-------+-------+-------++-------
Melee: Short sword       |     1 |     1 |       |       ||     2
       Staff             |       |       |       |     2 ||     2
 Cast: Foxfire           |   105 |   156 |   415 |   144 ||   820
       Sticky Flame      |       |       |    10 |    11 ||    21
       Fireball          |       |       |    12 |    50 ||    62
       Shock             |       |       |     8 |       ||     8
       Conjure Flame     |       |       |     1 |     1 ||     2
Evoke: Wand              |       |       |       |     5 ||     5
  Use: Scroll            |       |       |    13 |     8 ||    21
       Potion            |       |       |       |     1 ||     1
 Stab: Sleeping          |     1 |       |       |       ||     1
Armor: Robe              |     4 |     2 |    31 |    12 ||    49
Dodge: Dodged            |     9 |    12 |    47 |    24 ||    92
Block: Other             |       |       |     2 |     4 ||     6
       Reflection        |       |       |     1 |     1 ||     2
       Buckler           |       |       |       |     9 ||     9
